 Dungeon Crawl Stone Soup version 0.26-b1-32-g5d43845318 (webtiles) character file.

Game seed: 4199920566628157709

1606 Borgoz the Slasher (level 8, -1/105 HPs)
             Began as a Hill Orc Fighter on Jan 13, 2021.
             Was an Initiate of Ashenzari.
             Killed from afar by an electric eel (13 damage)
             ... with a bolt of electricity
             ... on level 7 of the Dungeon.
             The game lasted 00:07:34 (7092 turns).

Borgoz the Slasher (Hill Orc Fighter)               Turns: 7092, Time: 00:07:35

Health: -1/105     AC: 13    Str: 19    XL:     8   Next: 94%
Magic:  8/8        EV: 10    Int:  8    God:    Ashenzari [......]
Gold:   369        SH: 10    Dex: 12    Spells: 7/7 levels left

rFire    . . .     SeeInvis .   d - +0 long sword (holy)
rCold    . . .     Faith    .   c - +0 kite shield
rNeg     . . .     Spirit   .   j - +3 scale mail
rPois    +         Reflect  .   (no helmet)
rElec    .         Harm     .   (no cloak)
rCorr    .         Rampage  .   r - +0 pair of gloves
Will     .....                  b - +0 pair of boots
Stlth    ..........             (no amulet)
HPRegen  0.27/turn              i - ring of poison resistance
MPRegen  0.11/turn              (no ring)

@: berserking, very quick
A: no striking features
a: Renounce Religion, Curse Item


You were on level 7 of the Dungeon.
You worshipped Ashenzari.
Ashenzari was noncommittal.
You visited 2 branches of the dungeon, and saw 8 of its levels.

You collected 369 gold pieces.

Inventory:

Hand Weapons
 d - a +0 long sword of holy wrath (weapon)
 u - a +1 rapier of electrocution
Missiles
 h - a throwing net (quivered)
Armour
 b - a +0 pair of boots (worn)
 c - a +0 kite shield (worn)
 j - a +3 scale mail (worn)
 r - a +0 pair of gloves (worn)
Jewellery
 i - a ring of poison resistance (left hand)
Wands
 f - a wand of digging (1)
 o - a wand of acid (9)
 v - a wand of polymorph (7)
Scrolls
 g - 3 scrolls of fear
 k - 11 scrolls of remove curse
 l - 4 scrolls of teleportation
 p - 3 scrolls of fog {unknown}
 s - a scroll of enchant armour {unknown}
 t - a scroll of acquirement {unknown}
 w - a scroll of identify
Potions
 a - 2 potions of invisibility
 e - 2 potions of flight
 n - 3 potions of curing {unknown}
 q - a potion of mutation {unknown}


   Skills:
 + Level 6.2 Fighting
 * Level 7.0 Long Blades
 + Level 5.6 Armour
 * Level 4.7 Dodging
 - Level 5.0 Shields


You had 7 spell levels left.
You didn't know any spells.
Your spell library was empty.

Dungeon Overview and Level Annotations

Branches:
Dungeon (7/15)             Temple (1/1) D:5

Altars:
Ashenzari
Cheibriados
Dithmenos
Fedhas
Gozag
Kikubaaqudgha
Makhleb
Nemelex Xobeh
Okawaru
Qazlal
Ru
Sif Muna
Trog
Uskayaw
Vehumet
Wu Jian
Xom
Yredelemnul
Zin
The Shining One
Beogh


Message History

You are too injured to fight recklessly!
You are too injured to fight recklessly!
You are too injured to fight recklessly!
You are too injured to fight recklessly!
You are too injured to fight recklessly!
A red film seems to cover your vision as you go berserk!
You feel yourself moving faster!
You feel mighty!
The electric eel shoots out a bolt of lightning at you!
The bolt of electricity hits you.
The electric eel shoots out a bolt of lightning at you!
The bolt of electricity hits you!
* * * LOW HITPOINT WARNING * * *
The bolt of electricity hits you!
* * * LOW HITPOINT WARNING * * *
Your shield prevents you from hitting the electric eel.
You slash the electric eel!
The electric eel is severely wounded.
The electric eel shoots out a bolt of lightning at you!
The bolt of electricity hits you!
You die...

♣P♣♣ #♣≈≈P≈
≈≈P≈≈≈ ♣P≈P≈≈≈
##♣≈P≈≈≈≈≈
≈≈≈≈≈≈≈≈≈
##♣≈;≈≈≈≈≈≈
#..@;≈≈;≈≈≈
##..........
##..♣.≈≈≈≈≈≈≈
##..♣;.≈≈≈≈≈≈≈
#..♣♣≈.≈≈P≈♣♣♣
#.≈♣≈≈.≈P≈♣♣
#.♣♣≈≈.≈≈≈♣
#.≈♣≈≈.≈≈P♣
#.#P≈≈.≈≈≈♣


You could see 4 electric eels.

Vanquished Creatures
  Sigmund (D:2)
  The ghost of hjaiej13 the Chiller, an amateur MfIE (D:3)
  An orc warrior (D:6)
  2 phantoms (D:6)
  2 ice beasts
  An ogre (D:4)
  A bullfrog (D:6)
  A scorpion (D:5)
  A centaur zombie (D:7)
  2 howler monkeys
  A bullfrog zombie (D:5)
  A jelly (D:6)
  3 orc wizards
  2 orc priests
  A centaur skeleton (D:6)
  An iguana (D:5)
  2 worker ants (D:5)
  A hound skeleton (D:6)
  3 gnolls (D:5)
  9 adders
  A shadow imp (D:5)
  A white imp (D:5)
  2 ufetubi (D:6)
  An adder zombie (D:6)
  2 worms
  A dart slug (D:4)
  5 leopard geckos
  17 orcs
  A giant cockroach (D:1)
  8 goblins
  6 hobgoblins
  4 jackals
  2 quokkas (D:5)
  2 ball pythons
  10 bats
  9 frilled lizards
  4 kobolds
  A leopard gecko skeleton (D:5)
  A quokka skeleton (D:6)
  5 rats
120 creatures vanquished.

Notes
Turn   | Place    | Note
-------+----------+-------------------------------------------
     0 | D:1      | Borgoz the Hill Orc Fighter began the quest for the Orb.
     0 | D:1      | Reached XP level 1. HP: 19/19 MP: 1/1
   131 | D:1      | Reached XP level 2. HP: 27/27 MP: 2/2
  1122 | D:2      | Reached skill level 1 in Dodging
  1122 | D:2      | Reached XP level 3. HP: 22/33 MP: 3/3
  1297 | D:2      | Reached skill level 3 in Long Blades
  1297 | D:2      | Reached XP level 4. HP: 29/40 MP: 4/4
  1412 | D:2      | Noticed an ice beast
  1425 | D:2      | Killed an ice beast
  1426 | D:2      | Reached XP level 5. HP: 46/46 MP: 5/5
  1514 | D:2      | Noticed Sigmund
  1545 | D:2      | Killed Sigmund
  1546 | D:2      | Reached skill level 4 in Long Blades
  1546 | D:2      | Reached XP level 6. HP: 9/53 MP: 6/6
  2081 | D:2      | Found a bloodstained altar of Trog.
  2567 | D:3      | Reached XP level 7. HP: 52/60 MP: 7/7
  3148 | D:3      | Found a runed translucent gate.
  3148 | D:3      | Found a runed translucent gate.
  3148 | D:3      | Found a runed translucent gate.
  3148 | D:3      | Noticed hjaiej13's ghost (amateur MfIE)
  3152 | D:3      | Found a roughly hewn altar of Beogh.
  3347 | D:3      | Killed hjaiej13's ghost
  3348 | D:3      | Reached skill level 5 in Fighting
  3348 | D:3      | Reached skill level 5 in Long Blades
  3619 | D:4      | Found an opulent altar of Gozag.
  3661 | D:4      | Found a glowing silver altar of Zin.
  3719 | D:4      | Found a snail-covered altar of Cheibriados.
  4491 | D:5      | Entered Level 5 of the Dungeon
  4739 | D:5      | Reached XP level 8. HP: 67/68 MP: 8/8
  4858 | D:5      | Found an iron altar of Okawaru.
  4862 | D:5      | Found a radiant altar of Vehumet.
  5226 | D:5      | Found a staircase to the Ecumenical Temple.
  5254 | Temple   | Entered the Ecumenical Temple
  5476 | Temple   | Became a worshipper of Ashenzari the Shackled
  5553 | D:5      | Reached skill level 5 in Armour
  5910 | D:6      | Reached skill level 6 in Long Blades
  5910 | D:6      | Reached skill level 5 in Shields
  6600 | D:6      | Reached skill level 7 in Long Blades
  6942 | D:6      | Found a shimmering altar of Xom.
  7092 | D:7      | Killed from afar by an electric eel

Illustrated notes

Levels and vault maps discovered:
D:1:      lemuel_arrival_room, layout_basic
D:2:      layout_rooms, lemuel_crystal_altar, uniq_sigmund
D:3:      layout_basic, biasface_ghost_orc_armoury
D:4:      layout_loops_ring, pdpol_temple_overflow_zin_treasury_gozag_greed,
          kennysheep_slug_shrine
D:5:      layout_loops_corners, minitemple, minmay_temple_entry_wispy,
          minmay_tree_intersection
D:6:      layout_rooms, tgw_xom
D:7:      layout_cave_pools, gammafunk_ghost_icy, serial_bayou_lagoon_b
Temple:   oiseaux_autumnal_temple

Skill      XL: |  1  2  3  4  5  6  7  8 |
---------------+-------------------------+-----
Dodging        | 1 2 3 4 |  4.7
Fighting       | 4 5 6 |  6.2
Long Blades    | 3 4 5 7 |  7.0
Armour         | 4 5 |  5.6
Shields        | 4 5 |  5.0

Action                   |  1- 3 |  4- 6 |  7- 9 || total
-------------------------+-------+-------+-------++-------
Melee: Long sword        |    88 |   139 |   326 ||   553
Throw: Throwing net      |       |       |     1 ||     1
  Use: Potion            |       |     3 |     2 ||     5
       Scroll            |       |       |     9 ||     9
Armor: Scale mail        |    40 |    80 |   134 ||   254
       Skin              |       |    17 |       ||    17
Dodge: Dodged            |    29 |    51 |   111 ||   191
Block: Kite shield       |    49 |    73 |   165 ||   287
       Rpst.: Long sword |    11 |    15 |    31 ||    57
